 Dungeon Crawl Stone Soup version 0.30-a0-141-g30f27751c5 (webtiles) character file.

Game seed: 5762841148611662601

49 qw the Chopper (level 3, -4/23 HPs)
             Began as a Gargoyle Fighter on Sept 25, 2022.
             Slain by Sigmund
             ... wielding a +6 scythe of flaming
              (10 damage)
             ... on level 2 of the Dungeon.
             The game lasted 00:00:42 (1560 turns).

qw the Chopper (Gargoyle Fighter)                   Turns: 1560, Time: 00:00:43

Health: -4/23      AC: 13    Str: 21    XL:     3   Next: 77%
Magic:  3/3        EV:  7    Int:  8    God:
Gold:   31         SH:  4    Dex:  9    Spells: 2/2 levels left

rFire   . . .      SeeInvis .    Y - +2 war axe (venom)
rCold   . . .      Faith    .    c - +0 buckler
rNeg    + . .      Spirit   .    l - +0 chain mail
rPois   inf        Reflect  .    p - +0 helmet
rElec   +          Harm     .    (no cloak)
rCorr   .          Rampage  .    (no gloves)
Will    .....                    (no boots)
Stlth   ..........               (no amulet)
HPRegen 0.07/turn                (no ring)
MPRegen 0.08/turn                (no ring)

@: no status effects
A: sickness immunity, AC +3, negative energy resistance 1, electricity
resistance, torment resistance 1, petrification resistance
a: no special abilities


You were on level 2 of the Dungeon.
You visited 1 branch of the dungeon, and saw 2 of its levels.

You collected 59 gold pieces.
You spent 28 gold pieces at shops.


Innate Abilities, Weirdness & Mutations

You are immune to sickness and miasma.
Your stone body is resilient. (AC +3)
You are immune to poison.
You resist negative energy. (rN+)
You are resistant to electric shocks. (rElec)
You are resistant to unholy torment.
You are immune to petrification.


   Skills:
 - Level 3.2 Fighting
 + Level 3.6 Axes
 - Level 3.2 Armour
 - Level 3.2 Shields


You had 2 spell levels left.
You didn't know any spells.
Your spell library was empty.

Inventory:

Hand Weapons
 n - a +0 whip
 Y - a +2 war axe of venom (weapon)
Armour
 c - a +0 buckler (worn)
 l - a +0 chain mail (worn)
 p - a +0 helmet (worn)
Scrolls
 g - a scroll of identify
Potions
 d - a potion of might
 h - 2 potions of attraction
 i - 3 potions of curing
 q - a potion of degeneration {unknown}
 r - a potion of resistance {unknown}

Dungeon Overview and Level Annotations

Branches:
Dungeon (2/15)

Altars:

Shops:
D:1 *

Annotations:
D:2 Sigmund


Message History

Things that are here:
a +0 short sword; a kobold corpse A bat comes into view.
You closely miss the bat. The bat hits you but does no damage.
You block the bat's attack. The bat misses you. The bat closely misses you.
You block the bat's attack. The bat hits you but does no damage.
You closely miss the bat. The bat closely misses you.
You hit the bat.
You kill the bat!
You see here a bat corpse.
Sigmund the Dreaded comes into view.
He is wielding a +6 scythe of flaming.
Sigmund shouts!
Sigmund barely misses you.
Sigmund hits you with a +6 scythe of flaming.
Sigmund burns you.
You barely miss Sigmund. Sigmund hits you but does no damage.
You barely miss Sigmund. Sigmund hits you but does no damage.
You hit Sigmund.
Sigmund is poisoned.
Sigmund is lightly wounded.
You closely miss Sigmund.
Sigmund is lightly wounded.
Sigmund hits you with a +6 scythe of flaming.
Sigmund burns you.
You barely miss Sigmund.
Sigmund is lightly wounded.
Sigmund gestures at you while chanting. The magic dart hits you.
Sigmund hits you with a +6 scythe of flaming.
Sigmund burns you.
You slash Sigmund!
Sigmund looks as sick as possible!
Sigmund is severely wounded.
You hit Sigmund.
Sigmund looks as sick as possible!
Sigmund is almost dead.
Sigmund hits you with a +6 scythe of flaming!
You die...

............#
#..#
............#
####
##########.##
#.#
#.#########
#..%......#
#########.##
#.....#
#@#####
#@.......
#########


You could see Sigmund (extremely poisoned).

Vanquished Creatures
  A worm (D:2)
  4 bats
  5 endoplasms
  2 giant cockroaches (D:1)
  4 goblins (D:1)
  4 hobgoblins (D:1)
  2 jackals (D:1)
  A quokka (D:1)
  5 ball pythons
  3 frilled lizards
  7 kobolds
  3 rats
41 creatures vanquished.

Notes
Turn   | Place    | Note
-------+----------+-------------------------------------------
     0 | D:1      | qw the Gargoyle Fighter began the quest for the Orb.
     0 | D:1      | Reached XP level 1. HP: 14/14 MP: 1/1
     0 | D:1      | 0 ||| qw: Version: 0.2-a-10-g399e6c4
     0 | D:1      | 0 ||| qw: Game counter: 133
     0 | D:1      | 0 ||| qw: Always use a shield: true
     0 | D:1      | 0 ||| qw: God list: Okawaru
     0 | D:1      | 0 ||| qw: Allow faded altars: false
     0 | D:1      | 0 ||| qw: Do Orc after D:15 true
     0 | D:1      | 0 ||| qw: Do second Lair branch before Depths: true
     0 | D:1      | 0 ||| qw: Lair rune preference: random
     0 | D:1      | 0 ||| qw: Plans: Normal, Zot:1-4, God:TSO, Crypt, Tomb,
                  | Pan, Slime:5, Hells, Abyss, Orb
     0 | D:1      | 0 ||| PLANNING D:1-11
   326 | D:1      | Reached XP level 2. HP: 19/19 MP: 2/2
   547 | D:1      | 547 ||| DROPPING +0 club.
   813 | D:1      | Reached skill level 3 in Axes
   899 | D:1      | Reached XP level 3. HP: 23/23 MP: 3/3
   986 | D:1      | Found Duros's General Store.
   999 | D:1      | 999 ||| SHOPLISTING +0 plate armour (322 gold, have 44).
   999 | D:1      | 999 ||| SHOPLISTING +6 mace "Imyjuas" {drain, rF+ Int+2}
                  | (750 gold, have 44).
   999 | D:1      | 999 ||| BUYING scroll of identify (28 gold).
   999 | D:1      | Bought a scroll of identify for 28 gold pieces
  1105 | D:1      | 1105 ||| UPGRADING to +0 chain mail.
  1115 | D:1      | 1115 ||| DROPPING +0 scale mail.
  1116 | D:1      | 1116 ||| UPGRADING to +0 helmet.
  1121 | D:1      | 1121 ||| READING scroll labelled PAHOF EQOVVI.
  1122 | D:1      | 1122 ||| READING scroll labelled MORAC VUISTRERPH.
  1123 | D:1      | 1123 ||| READING 3 scrolls labelled FUGUGI GODIA.
  1124 | D:1      | 1124 ||| READING 2 scrolls of brand weapon.
  1124 | D:1      | 1124 ||| BRANDING +1 war axe of electrocution.
  1125 | D:1      | 1125 ||| READING scroll of brand weapon.
  1125 | D:1      | 1125 ||| BRANDING +1 war axe of freezing.
  1126 | D:1      | 1126 ||| READING scroll labelled ATUFIF WAGGA.
  1127 | D:1      | 1127 ||| DRINKING 3 bubbling amethyst potions.
  1128 | D:1      | 1128 ||| DRINKING 2 smoky pink potions.
  1129 | D:1      | 1129 ||| READING 3 scrolls of identify.
  1129 | D:1      | 1129 ||| IDENTIFYING murky inky potion
  1130 | D:1      | 1130 ||| READING 2 scrolls of identify.
  1130 | D:1      | 1130 ||| IDENTIFYING fuming coppery potion
  1131 | D:1      | 1131 ||| DROPPING potion of ambrosia.
  1132 | D:1      | 1132 ||| DROPPING potion of berserk rage.
  1156 | D:2      | 1156 ||| READING scroll of enchant weapon.
  1156 | D:2      | 1156 ||| ENCHANTING +1 war axe of venom.
  1552 | D:2      | Noticed Sigmund
  1560 | D:2      | Slain by Sigmund

Levels and vault maps discovered:
D:1:      onia_arrival_pentagram, layout_basic, serial_shops,
          nicolae_lakefront_shop
D:2:      layout_basic, serial_shops, nicolae_shop_stone,
          chequers_serial_rivers_room_b, minmay_pentomino_q2, uniq_sigmund

Skill      XL: |  1  2 |
---------------+-------+-----
Axes           | 2 3 |  3.6
Fighting       | |  3.2
Armour         | |  3.2
Shields        | |  3.2

Action                   || total
-------------------------++-------
Melee: War axe           ||   131
  Use: Scroll            ||     9
       Potion            ||     2
Armor: Scale mail        ||    52
       Chain mail        ||    11
Dodge: Dodged            ||    51
Block: Buckler           ||    22

Table legend:
 A = Non-vault XP
 B = Vault XP
 C = Vault XP percentage of total XP
 D = Non-vault monster count
 E = Vault monster count
 F = Vault count percentage of total count
                 A         B        C        D         E       F
            +---------+---------+-------+---------+---------+-------
      Total |      71 |       0 |   0.0 |      41 |       0 |   0.0
            +---------+---------+-------+---------+---------+-------
        D:1 |      48 |       0 |   0.0 |      28 |       0 |   0.0
        D:2 |      23 |       0 |   0.0 |      13 |       0 |   0.0
            +---------+---------+-------+---------+---------+-------
